Map: 월드 오브 슬리퍼스 - 래더

Players

BlyOnFire (Bly)

  • Race: Zerg Zerg
  • League: Grandmaster
  • Spawn Location: 7:00

Cure - Winner!

  • Race: Terran Terran
  • League: Master
  • Spawn Location: 1:00

VOD

Have the link to the VOD?

Description

Time

  • Played on: Jan. 13, 2020, 2:46 p.m.
  • Length: 12:22
Show
View Real Time Build Order
Export as new Build Order

BlyOnFire Zerg 

Build Orders: Hatch First, Muta Ling Bane 

Get SALT Encoding   

  12  0:01  Drone  
  13  0:12  Overlord  
  13  0:18  Drone  
  14  0:30  Drone x2  
  16  0:47  Hatchery  
  15  0:51  Drone  
  15  0:55  Drone  
  17  0:58  Drone  
  18  1:09  Extractor  
  17  1:13  Spawning Pool  
  17  1:16  Drone  
  17  1:20  Drone  
  18  1:27  Drone  
  19  1:38  Drone  
  20  1:49  Overlord  
  20  1:59  Queen x2  
  20  2:00  Zergling x2  
  20  2:01  Zergling x2  
  26  2:10  Drone  
  26  2:11  Drone  
  26  2:15  Metabolic Boost  
  28  2:20  Drone  
  28  2:21  Drone  
  30  2:36  Hatchery  
  29  2:40  Drone x2  
  31  2:46  Queen  
  31  2:49  Drone  
  34  2:54  Overlord  
  34  2:59  Drone x2  
  36  3:12  Overlord  
  36  3:13  Drone x4  
  40  3:21  Queen  
  40  3:25  Overlord  
  42  3:31  Zergling x4  
  44  3:41  Zergling x8  
  48  3:46  Drone x2  
  49  3:51  Drone x2  
  49  3:54  Queen  
  49  3:55  Overlord  
  53  3:58  Drone x3  
  56  4:04  Drone x2  
  58  4:16  Overlord  
  57  4:18  Drone x5  
  57  4:22  Drone x2  
  64  4:24  Extractor  
  64  4:25  Extractor, Roach Warren  
  64  4:28  Drone  
  64  4:31  Drone x3  
  65  4:35  Overlord  
  65  4:37  Drone x5  
  70  4:41  Spore Crawler x2  
  70  4:44  Spore Crawler  
  67  4:50  Spore Crawler, Overlord x2  
  67  4:52  Overlord  
  66  4:54  Lair  
  66  5:06  Drone  
  66  5:07  Drone x5  
  69  5:13  Drone x2  
  69  5:14  Extractor, Drone x2  
  75  5:15  Roach x2  
  75  5:21  Extractor  
  77  5:26  Roach x4  
  84  5:43  Drone  
  84  5:44  Drone x10  
  84  5:46  Extractor  
  84  5:48  Hatchery  
  92  5:54  Glial Reconstitution  
  92  5:56  Evolution Chamber  
  90  5:57  Evolution Chamber  
  87  6:04  Overseer  
  87  6:13  Drone x4  
  87  6:14  Drone x2  
  87  6:16  Drone x2  
  87  6:17  Baneling Nest  
  87  6:18  Hatchery  
  93  6:21  Zerg Ground Armor Level 1  
  93  6:24  Zerg Melee Weapons Level 1  
  91  6:39  Roach x5  
  91  6:54  Roach x3, Overlord x9  
  97  7:02  Centrifical Hooks  
  97  7:16  Zergling x2  
  97  7:17  Zergling x20  
  108  7:25  Drone x9  
  117  7:39  Spire, Spore Crawler  
  117  7:40  Extractor  
  114  7:45  Drone x3, Overlord  
  117  7:56  Zergling x34  
  117  7:58  Baneling x14  
  134  8:03  Overlord  
  132  8:06  Overlord  
  132  8:09  Drone x7  
  132  8:12  Overlord  
  137  8:16  Zerg Ground Armor Level 2  
  137  8:23  Zerg Melee Weapons Level 2  
  132  8:39  Infestation Pit  
  131  8:47  Hatchery, Ravager x2  
  131  8:48  Ravager  
  133  8:52  Mutalisk x11  
  133  8:54  Zergling x12  
  161  9:01  Overlord  
  159  9:26  Zergling x34  
  159  9:31  Hatchery  
  172  9:41  Hatchery  
  170  9:46  Mutalisk  
  170  9:47  Mutalisk x7  
  170  9:49  Hatchery  
  185  9:53  Zergling x10  
  190  10:08  Baneling x18  
  190  10:11  Hive  
  188  10:14  Zergling x22  
  197  10:28  Zergling x14  
  153  10:31  Zergling x8  
  150  10:35  Baneling  
  150  10:36  Baneling x20  
  147  10:43  Zergling x20  
  147  10:46  Baneling x3  
  147  10:47  Baneling x4  
  129  11:01  Zergling x12  
  98  11:08  Zergling x16  
  101  11:13  Zergling x4  
  101  11:17  Baneling x5  
  98  11:25  Zergling x18  
  98  11:31  Baneling x4  
  85  11:33  Zergling x2  
  85  11:34  Zergling x2  
  85  11:39  Zergling x10  
  85  11:42  Queen x2  
  78  11:49  Zergling x12  
  79  11:55  Zergling x2  
  79  11:57  Baneling x7  
  79  11:59  Roach x5  
  91  12:02  Baneling x2  
Show
View Real Time Build Order
Export as new Build Order

Cure Terran - Winner!

Build Orders: Reaper Expand, Banshee Rush 

Get SALT Encoding   

  12  0:01  SCV  
  13  0:13  SCV  
  14  0:17  Supply Depot  
  14  0:25  SCV  
  15  0:39  SCV  
  15  0:40  Barracks  
  16  0:42  Refinery  
  16  0:51  SCV  
  17  1:03  SCV  
  18  1:15  SCV  
  19  1:27  Orbital Command, Reaper  
  20  1:39  Command Center  
  20  1:46  Supply Depot  
  20  1:53  SCV  
  21  1:59  Marine  
  22  2:05  SCV  
  23  2:10  Factory  
  23  2:12  Refinery  
  23  2:17  SCV  
  23  2:20  Barracks Reactor  
  24  2:29  SCV  
  25  2:42  SCV  
  26  2:51  Orbital Command  
  26  2:54  SCV, Starport  
  27  3:06  SCV  
  27  3:08  Command Center  
  28  3:13  Barracks Tech Lab  
  28  3:18  SCV  
  28  3:19  SCV  
  30  3:23  Hellion  
  30  3:25  Hellion  
  34  3:30  SCV  
  34  3:31  SCV  
  36  3:38  Cloaking Field, Banshee  
  39  3:41  Marine  
  39  3:44  SCV x2  
  42  3:51  Supply Depot  
  42  3:56  SCV x2  
  42  4:00  Barracks Tech Lab  
  43  4:03  Hellion  
  43  4:08  SCV  
  46  4:13  SCV, Hellion  
  49  4:20  Marine, SCV  
  49  4:21  Banshee, Orbital Command  
  54  4:25  SCV  
  54  4:26  Stimpack  
  55  4:32  SCV  
  55  4:37  SCV  
  57  4:39  Marine  
  57  4:43  Barracks  
  57  4:45  Factory Reactor, Barracks  
  58  4:49  SCV x2  
  58  4:52  Refinery, Engineering Bay  
  60  4:53  Engineering Bay  
  60  4:54  Refinery  
  60  4:59  Marine, Supply Depot  
  61  5:01  SCV x2  
  63  5:13  SCV, Orbital Command  
  63  5:14  SCV  
  65  5:15  Starport Reactor  
  65  5:19  Supply Depot  
  65  5:21  Marine  
  65  5:22  Supply Depot  
  65  5:25  SCV  
  65  5:26  SCV  
  68  5:28  Terran Infantry Weapons Level 1  
  68  5:29  Terran Infantry Armor Level 1  
  68  5:32  Marine x2  
  70  5:37  SCV  
  70  5:38  SCV  
  70  5:39  Marine x2  
  70  5:41  Marine  
  70  5:42  SCV, Siege Tank  
  79  5:45  Supply Depot  
  79  5:47  Barracks  
  79  5:49  SCV  
  79  5:50  SCV  
  79  5:55  SCV  
  80  6:01  Supply Depot  
  80  6:02  SCV x2, Marine x4  
  80  6:03  Marine  
  86  6:06  Medivac x2  
  86  6:07  SCV  
  86  6:09  Combat Shield  
  91  6:14  SCV x2, Barracks  
  91  6:15  Armory  
  93  6:19  SCV  
  93  6:25  Marine x4, Siege Tank  
  97  6:26  SCV x2  
  97  6:32  SCV  
  103  6:36  Barracks Tech Lab  
  103  6:37  Marauder  
  103  6:38  SCV x2  
  104  6:40  Missile Turret  
  104  6:43  Marine x2  
  104  6:44  SCV  
  104  6:46  Medivac  
  108  6:50  SCV  
  108  6:51  Supply Depot  
  108  6:52  Supply Depot, Medivac  
  108  6:53  SCV  
  112  6:54  Marine x2  
  112  6:55  Marauder  
  112  6:58  Concussive Shells  
  112  7:01  Marine  
  116  7:02  Refinery  
  117  7:09  Supply Depot x2  
  117  7:13  SCV x3, Marauder  
  117  7:15  Marine x3  
  122  7:16  Marauder  
  122  7:18  Barracks Reactor  
  122  7:19  Barracks  
  122  7:20  Barracks  
  127  7:26  Siege Tank  
  127  7:28  Barracks  
  130  7:30  Medivac x2  
  134  7:37  SCV x2  
  134  7:38  SCV  
  137  7:52  Marine x4, Marauder x2, Terran Infantry Weapons Level 2, Terran Infantry Armor Level 2  
  137  7:56  Refinery  
  137  7:57  Supply Depot x2  
  145  8:08  Marine x2  
  145  8:10  Marine x3  
  149  8:17  Barracks Tech Lab x3  
  149  8:18  Marine  
  149  8:19  Marauder x2  
  154  8:22  Command Center  
  154  8:23  Terran Vehicle And Ship Armor Level 1  
  153  8:33  Marine x5  
  161  8:34  Siege Tank  
  161  8:36  Marine  
  161  8:40  Marauder  
  164  8:41  Supply Depot  
  164  8:43  Supply Depot x2  
  164  8:46  Marine  
  165  8:51  Supply Depot  
  165  9:03  Marine x6, Marauder  
  165  9:04  Marine, Marauder x3  
  180  9:20  Marine x5  
  180  9:21  Marauder, Siege Tank  
  180  9:22  Marine  
  182  9:25  Marine, Medivac x2, Marauder  
  182  9:26  Marauder x2  
  182  9:28  SCV  
  182  9:29  SCV x2  
  196  9:34  Planetary Fortress  
  194  9:38  Marine x5  
  194  9:39  Marine  
  197  9:46  Marauder  
  197  9:50  Missile Turret  
  197  9:52  Missile Turret  
  199  9:53  Missile Turret x2  
  199  10:04  Drilling Claws  
  199  10:07  Factory  
  199  10:14  Marine  
  200  10:23  Marine x3, Marauder x2  
  173  10:28  Marine x2, Marauder  
  173  10:29  Marauder x2  
  173  10:31  Widow Mine  
  173  10:32  Marine  
  173  10:35  Medivac x2  
  184  10:40  Marine x2  
  184  10:41  Marine  
  189  10:44  Marauder  
  189  10:45  Marauder  
  189  10:46  Marine x2  
  197  10:50  Marine, Marauder x2  
  200  10:58  Marine x2  
  200  10:59  Marine x2  
  158  11:04  Marine x2  
  158  11:06  Medivac, Marauder x2  
  158  11:08  Marauder  
  167  11:11  Marauder x2  
  167  11:15  Medivac  
  167  11:16  Marine x2, Factory Reactor  
  167  11:17  Marine x2  
  174  11:22  Marine x2  
  156  11:27  Marauder x2  
  156  11:29  Marine  
  156  11:32  Marine  
  154  11:33  Marauder  
  154  11:34  Marine x2  
  154  11:35  Marine x2  
  154  11:36  Medivac  
  154  11:38  Widow Mine  
  152  11:40  Marine x2  
  152  11:45  Medivac  
  150  11:47  Marauder  
  150  11:49  Marauder x2  
  150  11:51  Marauder  
  150  11:52  Marine x4  
  155  11:54  Marauder  
  155  11:56  Widow Mine x2  
  155  11:58  Marine x2  
  155  12:00  Widow Mine  
  163  12:02  Command Center  
Tags
 
Add a new tag
Caveats
  • Supply blocks, unpowered buildings, or Contaminate may cause inaccurate times.
  • Supply counts are checked every 10 seconds.